 Dungeon Crawl Stone Soup version 0.21.1-1-g345015f (console) character file.

29 Homage the Sneak (level 3, -1/16 HPs)
             Began as a Spriggan Enchanter on Mar 14, 2018.
             Slain by a gnoll
             ... wielding a +0 flail
              (14 damage)
             ... on level 2 of the Dungeon.
             The game lasted 00:02:01 (1596 turns).

Homage the Sneak (Spriggan Enchanter)               Turns: 1596, Time: 00:02:03

Health: -1/16      AC:  3    Str:  4    XL:     3   Next: 1%
Magic:  9/9        EV: 18    Int: 17    God:
Gold:   44         SH:  0    Dex: 16    Spells: 7/10 levels left

rFire    . . .     SeeInvis +   a - +1 dagger
rCold    . . .     Gourm    .   (shield restricted)
rNeg     . . .     Faith    .   b - +1 robe
rPois    .         Spirit   .   (helmet restricted)
rElec    .         Reflect  .   (no cloak)
rCorr    .         Harm     .   (gloves unavailable)
MR       .....                  (boots unavailable)
Stlth    +++.......             (no amulet)
HPRegen  0.05/turn              (no ring)
MPRegen  0.11/turn              (no ring)

@: very quick
A: very small, unfitting armour, see invisible, herbivore, speed 3, slow
metabolism 2
a: no special abilities


You were on level 2 of the Dungeon.
You were not hungry.

You visited 1 branch of the dungeon, and saw 2 of its levels.

You collected 44 gold pieces.


Innate Abilities, Weirdness & Mutations

You are very small and have problems with some larger weapons.
You are too small for most types of armour.
You have supernaturally acute eyesight. (SInv)
You are a herbivore.
You cover ground extremely quickly.
You need consume almost no food.


   Skills:
 - Level 1.1 Short Blades
 - Level 3.0 Dodging
 - Level 4.4 Stealth
 - Level 4.0 Spellcasting
 - Level 4.0 Hexes
 + Level 0.2 Ice Magic


You had 7 spell levels left.
You knew the following spells:

 Your Spells              Type           Power        Failure   Level  Hunger
e - Ensorcelled Hibernat  Hex/Ice        ##....       10%         2    ##.....
Z - Corona                Hex            ###....      3%          1    None

Inventory:

Hand Weapons
 a - a +1 dagger (weapon)
Armour
 b - a +1 robe (worn)
Books
 c - a book of Maledictions

   Spells                             Type                      Level
   a - Corona                         Hexes                        1
   b - Ensorcelled Hibernation        Hexes/Ice                    2
   c - Confuse                        Hexes                        3
   d - Tukima's Dance                 Hexes                        3
   e - Dazzling Spray                 Conjuration/Hexes            3
Comestibles
 d - 2 rations


Message History

You climb downwards.
Found a stone staircase leading up.
There is a stone staircase leading up here.
A frilled lizard comes into view. 2 gnolls come into view.
You hit the frilled lizard.
The frilled lizard is heavily wounded.
The frilled lizard bites you.
You closely miss the frilled lizard.
The frilled lizard is heavily wounded.
The frilled lizard barely misses you.
You hit the frilled lizard.
You kill the frilled lizard!
A gnoll comes into view. It is wielding a whip.
The gnoll shouts!
You hit the gnoll.
The gnoll is lightly wounded.
The gnoll hits you with a flail!
Ouch! That really hurt!
You die...

#.#. ... ..# #.# #.#
#.# #.#
######.#########.#
............@g.gg.#
########.########.#.
###.########
#####.<.........
......#.#######.
##....<# #.###.# #.
#.# . ..#


You could see 3 gnolls.

Vanquished Creatures
  2 dart slugs (D:1)
  2 leopard geckos (D:1)
  3 giant cockroaches (D:1)
  2 goblins (D:1)
  5 hobgoblins (D:1)
  A kobold (D:1)
  2 ball pythons (D:1)
  2 frilled lizards
  A rat (D:1)
20 creatures vanquished.

Notes
Turn   | Place    | Note
-------+----------+-------------------------------------------
     0 | D:1      | Homage the Spriggan Enchanter began the quest for the Orb.
     0 | D:1      | Reached XP level 1. HP: 9/9 MP: 5/5
   189 | D:1      | Reached skill level 3 in Spellcasting
   418 | D:1      | Reached XP level 2. HP: 13/13 MP: 5/7
   526 | D:1      | Learned a level 2 spell: Ensorcelled Hibernation
   563 | D:1      | HP: 1/13 [hobgoblin/club (6)]
  1398 | D:1      | Reached XP level 3. HP: 16/16 MP: 6/9
  1596 | D:2      | Slain by a gnoll

Vault maps used:
D:1:      dpeg_arrival_oval
D:2:      fedhas_altar_1, serial_co_window_serial, co_window_of_opportunity_a,
          co_window_paths_a, co_window_corner_a, co_window_corner_a,
          co_window_paths_b, co_window_2corner, co_window_broadway_a,
          co_window_broadway_b, co_window_broadway_a, glass_columns_b,
          glass_columns_b, glass_columns_b

Action                   || total
-------------------------++-------
Melee: Dagger            ||    87
 Cast: Ensorcelled Hiber ||     7
  Use: Potion            ||     2
       Scroll            ||     3
 Stab: Sleeping          ||    11
Armor: Robe              ||     9
Dodge: Dodged            ||    48
